 Dungeon Crawl Stone Soup version 0.29-a0-330-g52719c12eb (webtiles) character file.

Game seed: 1287557342971504990

122 kae the Changer (level 4, -2/37 HPs)
             Began as a Demigod Transmuter on May 8, 2022.
             Slain by an orc priest
             ... wielding a +0 club
              (6 damage)
             ... on level 2 of the Dungeon.
             The game lasted 00:01:21 (1825 turns).

kae the Changer (Demigod Transmuter)                Turns: 1825, Time: 00:01:21

Health: -2/37      AC:  3    Str: 15    XL:     4   Next: 50%
Magic:  11/11      EV: 12    Int: 15    God:
Gold:   68         SH:  0    Dex: 14    Spells: 5/8 levels left

rFire   . . .      SeeInvis .   n - +0 mace
rCold   . . .      Faith    .   (no shield)
rNeg    . . .      Spirit   .   a - +0 robe
rPois   .          Reflect  .   k - +0 helmet
rElec   .          Harm     .   (no cloak)
rCorr   .          Rampage  .   (no gloves)
Will    .....                   (no boots)
Stlth   +.........              c - amulet of regeneration
HPRegen 0.92/turn               (no ring)
MPRegen 0.12/turn               (no ring)

@: no status effects
A: high MP 1, forlorn, divine attributes
a: no special abilities


You were on level 2 of the Dungeon.
You visited 1 branch of the dungeon, and saw 3 of its levels.

You collected 104 gold pieces.
You spent 36 gold pieces at shops.

Inventory:

Hand Weapons
 n - a +0 mace (weapon)
Armour
 a - a +0 robe (worn)
 k - a +0 helmet (worn)
Jewellery
 c - an amulet of regeneration (around neck)
Scrolls
 e - 2 scrolls of amnesia {unknown}
 f - a scroll of brand weapon {unknown}
 i - 3 scrolls of identify
 m - a scroll of magic mapping {unknown}
Potions
 d - 2 potions of mutation
 g - a potion of heal wounds {unknown}
 h - a potion of curing {unknown}
 j - a potion of attraction {unknown}
 l - a potion of might {unknown}
 o - a potion of brilliance {unknown}


   Skills:
 + Level 2.4 Fighting
 - Level 1.7 Dodging
 - Level 2.6 Unarmed Combat
 + Level 2.8 Spellcasting
 + Level 3.0 Transmutations


You had 5 spell levels left.
You knew the following spells:

 Your Spells              Type           Power      Damage    Failure   Level
a - Beastly Appendage     Tmut           22%        N/A       6%          1
b - Wereblood             Tmut           11%        N/A       9%          2

Your spell library contained the following spells:

 Spells                   Type           Power      Damage    Failure   Level
 Animate Skeleton         Necr           4%         N/A       21%         1
 Pain                     Necr           8%         1d4       21%         1
 Spider Form              Tmut/Pois      6%         N/A       32%         3
 Vampiric Draining        Necr           2%         2d6       52%         3
 Ice Form                 Ice/Tmut       6%         N/A       73%         4
 Chain Lightning          Conj/Air       1%         3d1       100%        9
 Fire Storm               Conj/Fire      1%         7d1       100%        9
 Shatter                  Erth           1%         3d5*      100%        9


Dungeon Overview and Level Annotations

Branches:
Dungeon (3/15)

Shops:
D:1 *


Innate Abilities, Weirdness & Mutations

You have an increased reservoir of magic. (+10% MP)
You shall have no god before yourself.
Your divine heritage dramatically boosts your attributes as you level up.


Message History

The orc priest closely misses you.
You barely miss the orc priest.
You punch the orc priest, but do no damage.
The orc priest is moderately wounded.
Your primal bloodlust is almost over.
The orc priest hits you with a +0 club. The orc priest barely misses you.
You hit the orc priest but do no damage.
The orc priest is moderately wounded.
The orc priest invokes the aid of Beogh against you.
Beogh smites you!
* * * LOW HITPOINT WARNING * * *
You sock the orc priest!
The orc priest is almost dead.
The orc priest hits you with a +0 club.
* * * LOW HITPOINT WARNING * * *
The orc priest hits you with a +0 club.
* * * LOW HITPOINT WARNING * * *
You completely miss the orc priest.
The orc priest is almost dead.
The orc priest hits you with a +0 club.
* * * LOW HITPOINT WARNING * * *
You hit the orc priest. Your punch misses the orc priest.
The orc priest is almost dead.
Your primal bloodlust has ended.
The orc priest barely misses you.
You barely miss the orc priest.
The orc priest is almost dead.
The orc priest hits you but does no damage.
The orc priest closely misses you.
You hit the orc priest but do no damage.
The orc priest is almost dead.
The orc priest hits you with a +0 club.
* * * LOW HITPOINT WARNING * * *
You hit the orc priest but do no damage.
You punch the orc priest, but do no damage.
The orc priest is almost dead.
The orc priest hits you with a +0 club.
* * * LOW HITPOINT WARNING * * *
The orc priest hits you with a +0 club.
You die...

#.#......<# #.#.######
#.#......#####.#.#....# ####
#..............#.#.##.# ...##
####.......#######.#..... ≈.≈.##
≈≈###.......# #.#..<..
....≈##≈##....#.#### #.####.#
≈≈≈≈≈≈≈≈#..##.#..# #.......
≈≈≈≈≈≈≈##.###..#.##############..
≈....####.# ##.#@................
≈..#......# #.o.#############...
########### ##### #.########...
#............ #.#########..
#.#.#######.. #.#..........
#.#.........# #.#..#.......


You could see an orc priest.

Vanquished Creatures
  Jessica (D:2)
  3 gnolls (D:2)
  2 adders
  2 worms (D:2)
  A dart slug (D:1)
  An orc (D:3)
  An endoplasm (D:1)
  A giant cockroach (D:1)
  4 goblins
  4 hobgoblins
  4 quokkas
  7 ball pythons
  4 bats
  A frilled lizard (D:2)
  3 kobolds
  7 rats
46 creatures vanquished.

Vanquished Creatures (others)
  6 plants (D:2)
6 creatures vanquished.

Grand Total: 52 creatures vanquished

Notes
Turn   | Place    | Note
-------+----------+-------------------------------------------
     0 | D:1      | kae the Demigod Transmuter began the quest for the Orb.
     0 | D:1      | Reached XP level 1. HP: 15/15 MP: 5/5
    29 | D:1      | Reached skill level 1 in Fighting
   179 | D:1      | Reached skill level 2 in Transmutations
   344 | D:1      | Reached XP level 2. HP: 23/23 MP: 7/7
   351 | D:1      | Learned a level 2 spell: Wereblood
   371 | D:1      | Found Vany's Assorted Antiques.
   374 | D:1      | Bought a bubbling golden potion for 18 gold pieces
   374 | D:1      | Bought a smoky inky potion for 18 gold pieces
  1093 | D:2      | Noticed Jessica
  1105 | D:2      | Killed Jessica
  1106 | D:2      | Reached XP level 3. HP: 29/29 MP: 9/9
  1359 | D:2      | Reached XP level 4. HP: 23/36 MP: 10/10
  1808 | D:3      | Reached skill level 3 in Transmutations
  1825 | D:2      | Slain by an orc priest

Illustrated notes

Levels and vault maps discovered:
D:1:      matt_arrival_grand_opening, layout_basic,
          hellmonk_ecumenical_altar_defaced_shrine, serial_shops,
          nicolae_shop_trees
D:2:      cheibrodos_old_hovel, layout_basic, chequers_serial_rivers_small_3,
          uniq_jessica
D:3:      layout_basic, amethyst_overflow_temple_binary, serial_glass,
          glass_columns_b, glass_columns_a, serial_shops, shop,
          ebering_ghost_sewer_d, uniq_grinder

Skill      XL: |  1  2  3  4 |
---------------+-------------+-----
Fighting       | 1 2 |  2.4
Transmutations | 2 3 |  3.0
Spellcasting   | 2 |  2.8
Dodging        | |  1.7
Unarmed Combat | |  2.6

Action                   |  1- 3 |  4- 6 || total
-------------------------+-------+-------++-------
Melee: Unarmed           |    92 |       ||    92
       Kick              |    14 |     3 ||    17
       Headbutt          |     5 |     2 ||     7
       Mace              |    23 |    54 ||    77
       Punch             |     2 |     3 ||     5
 Cast: Beastly Appendage |    20 |     3 ||    23
       Wereblood         |       |     1 ||     1
  Use: Scroll            |     3 |       ||     3
       Potion            |       |     1 ||     1
 Stab: Sleeping          |     1 |       ||     1
Armor: Robe              |    26 |     9 ||    35
       Skin              |       |    13 ||    13
Dodge: Dodged            |    80 |    34 ||   114

Table legend: (Time is in decaauts)
 A = Elapsed time spent in this place.
 B = Non-inter-level travel time spent in this place.
 C = Inter-level travel time spent in this place.
 D = Time resting spent in this place.
 E = Time spent auto-exploring this place.
 F = Levels seen in this place.
 G = Mean time per level.
                   A        B        C        D        E       F      G
               +--------+--------+--------+--------+--------+-----+--------+
         Total |   1854 |   1802 |     52 |     54 |   1309 |   3 |  618.0 |
       Dungeon |   1854 |   1802 |     52 |     54 |   1309 |   3 |  618.0 |
               +--------+--------+--------+--------+--------+-----+--------+

Top non-repeatable levels by time:
     D:2: 1052 daAuts
     D:1: 780 daAuts
     D:3: 21 daAuts
